 Dungeon Crawl Stone Soup version 0.22.1-6-g1668fe2 (webtiles) character file.

8234 teukkam the Fighter (level 11, -14/101 HPs)
             Began as a Minotaur Fighter on Jan 18, 2019.
             Was a Believer of Wu Jian.
             Demolished by a jumping spider (15 damage)
             ... on level 3 of the Lair of Beasts.
             The game lasted 00:40:48 (9466 turns).

teukkam the Fighter (Minotaur Fighter)              Turns: 9466, Time: 00:40:49

Health: -14/101    AC:  7    Str: 23    XL:     11   Next: 7%
Magic:  14/14      EV: 12    Int: 19    God:    Wu Jian [**....]
Gold:   70         SH: 11    Dex: 18    Spells: 10/10 levels left

rFire    . . .     SeeInvis .   L - +12 rapier of the Sky {flame, rElec MR+}
rCold    . . .     Gourm    .   c - +1 shield
rNeg     + . .     Faith    .   W - +0 scale mail of the Comet {-Cast rPois Int+9 Stlth+} (curse)
rPois    +         Spirit   .   (helmet restricted)
rElec    +         Reflect  .   (no cloak)
rCorr    .         Harm     +   (no gloves)
MR       +....     NoCast   +   (no boots)
Stlth    ++++......             Q - amulet of harm
HPRegen  0.26/turn              n - ring of positive energy
MPRegen  0.14/turn              M - +2 ring of dexterity

@: brilliant, agile, lethally poisoned (-14 -> -50)
A: retaliatory headbutt, horns 2
a: Wall Jump, Renounce Religion


You were on level 3 of the Lair of Beasts.
You worshipped Wu Jian.
Wu Jian was pleased with you.
You were not hungry.

You visited 3 branches of the dungeon, and saw 12 of its levels.

You collected 419 gold pieces.
You spent 349 gold pieces at shops.

Inventory:

Hand Weapons
 a - the +8 flail of Cowardice {drain, +Inv rElec rF+ Int+4}
   (You found it on level 4 of the Dungeon)

   A truly terrible weapon, it drains the life of those it strikes.
   It affects your intelligence (+4).
   It protects you from fire.
   It insulates you from electricity.
   It lets you turn invisible.
 b - a +1 hunting sling of freezing
 g - a +0 war axe
 w - a +0 hand crossbow
 F - a +1 spear of freezing
 I - the +1 hand axe of Causality {protect, Str+3 Int+2}
   (You found it on level 5 of the Dungeon)

   It protects the one who uses it against injury (+AC on strike).
   It affects your strength (+3).
   It affects your intelligence (+2).
 L - the +12 rapier of the Sky (weapon) {flame, rElec MR+}
   (You found it on level 7 of the Dungeon)

   It has been specially enchanted to burn those struck by it, causing extra
   injury to most foes and up to half again as much damage against particularly
   susceptible opponents.
   It insulates you from electricity.
   It affects your resistance to hostile enchantments.
Missiles
 h - 92 sling bullets
 p - 275 stones (quivered)
 s - 3 tomahawks of dispersal
 G - 2 needles of paralysis
 J - 71 bolts
Armour
 c - a +1 shield (worn)
 o - a +0 scale mail
 V - the +3 leather armour of the Game Afoot {rC+ Int+4}
   (You found it on level 1 of the Lair of Beasts)

   It affects your intelligence (+4).
   It protects you from cold.
 W - the cursed +0 scale mail of the Comet (worn) {-Cast rPois Int+9 Stlth+}
   (You bought it in a shop on level 7 of the Dungeon)

   It affects your intelligence (+9).
   It protects you from poison.
   It prevents spellcasting.
   It makes you more stealthy.
   It has a curse placed upon it.
Jewellery
 l - an uncursed ring of positive energy
 n - a ring of positive energy (left hand)
 v - an uncursed amulet of the acrobat
 K - an uncursed amulet of the gourmand
 M - a +2 ring of dexterity (right hand)
 Q - an amulet of harm (around neck)
Wands
 z - a wand of disintegration (5)
 A - a wand of digging (13)
 R - a wand of acid (16)
 T - a wand of enslavement (11)
Scrolls
 m - 5 scrolls of remove curse
 r - 2 scrolls of fog
 y - 10 scrolls of identify
 C - a scroll of fear
 E - 2 scrolls of enchant weapon
 H - a scroll of torment
 O - 5 scrolls of teleportation
 S - a scroll of vulnerability {unknown}
 U - a scroll of blinking {unknown}
 X - a scroll of noise {unknown}
Potions
 d - a potion of might
 e - 3 potions of flight
 j - a potion of agility
 k - 3 potions of heal wounds {unknown}
 q - a potion of berserk rage {unknown}
 t - 4 potions of brilliance
 u - a potion of ambrosia {unknown}
 x - a potion of invisibility {unknown}
 B - a potion of experience {unknown}
 D - 4 potions of lignification {unknown}
 N - a potion of magic {unknown}
Miscellaneous
 i - a phantom mirror
 P - a lightning rod (4/4)
Comestibles
 f - 20 rations


   Skills:
 + Level 10.4 Fighting
 + Level 1.5 Short Blades
 - Level 2.7(7.1) Axes
 - Level 7.6(7.9) Maces & Flails
 - Level 6.9(7.1) Polearms
 + Level 8.6 Slings
 - Level 4.3 Armour
 + Level 4.9 Stealth
 - Level 4.3 Shields
 + Level 6.0 Evocations


You had 10 spell levels left.
You didn't know any spells.
Your spell library was empty.

Dungeon Overview and Level Annotations

Branches:
Dungeon (8/15)             Temple (1/1) D:6            Lair (3/6) D:8
 Spider (0/4) Lair:3
  Swamp: Lair:2-4    Shoals: Lair:2-4

Altars:
Ashenzari
Cheibriados
Dithmenos
Fedhas
Gozag
Hepliaklqana
Kikubaaqudgha
Makhleb
Nemelex Xobeh
Okawaru
Qazlal
Ru
Sif Muna
Trog
Uskayaw
Vehumet
Wu Jian
Xom
Yredelemnul
Zin
The Shining One

Shops:
D:3 *   D:7 }?[*!

Annotations:
D:7 2 runed doors
Lair:2 3 runed doors, lapinsky's ghost, journeyman HOFi


Innate Abilities, Weirdness & Mutations

You reflexively headbutt those who attack you in melee.
You have a pair of horns on your head.


Message History

You barely miss the jumping spider.
* * * LOW HITPOINT WARNING * * *
You feel very sick. The jumping spider pounces on you.
* * * LOW HITPOINT WARNING * * *
The jumping spider bites you.
* * * LOW HITPOINT WARNING * * *
The jumping spider barely misses you. You block the jumping spider's attack.
It was a potion of agility.
You feel agile all of a sudden.
* * * LOW HITPOINT WARNING * * *
You feel very sick.
The jumping spider completely misses you.
The jumping spider bites you but does no damage.
It was a potion of brilliance.
You feel clever all of a sudden.
* * * LOW HITPOINT WARNING * * *
You feel very sick. The jumping spider pounces on you!
You die...

.!.^.# ######.^..#
##.. #..^^.#
#P..##.^^# ...
#.##.^†# .....
##...†.## .......
#...)..##.........
#.....s.##.........
#......@#..........
#.....#..#..........
#.......#............
##.....##...........#
##...####..........
##### #..........
##...#.### ###...## .
##...# ##.


You could see a jumping spider.

Vanquished Creatures
  3 death yaks (D:8)
  2 spiny frogs (Lair:1)
  3 komodo dragons
  A hornet (D:7)
  Grinder (D:5)
  A hippogriff (D:7)
  2 redbacks (Lair:3)
  A spriggan (D:7)
  2 basilisks
  A hungry ghost (D:7)
  3 water moccasins (Lair:1)
  3 porcupines
  2 black bears
  An ice beast (D:5)
  3 phantoms (D:4)
  4 ogres
  6 wolves (Lair:1)
  A centaur (D:7)
  A crocodile (Lair:1)
  The ghost of Oddysee the Shield-Bearer, an amateur GrFi (D:3)
  4 bullfrogs
  A wyvern zombie (D:7)
  A scorpion (D:4)
  A killer bee (D:7)
  3 wights (D:7)
  An electric eel (Lair:2)
  4 howler monkeys
  2 crimson imps
  3 quasits (D:3)
  3 hounds
  A bullfrog skeleton (D:5)
  2 orc wizards (D:5)
  Ijyb (D:5)
  Terence (D:3)
  5 worker ants
  A hell rat (D:8)
  A hound zombie (D:7)
  A worker ant zombie (D:5)
  5 gnolls
  7 adders
  2 river rats (D:8)
  A shadow imp (D:7)
  2 oozes (D:5)
  5 worms
  2 dart slugs
  5 leopard geckos
  24 orcs
  6 giant cockroaches
  12 goblins
  6 hobgoblins
  13 jackals
  10 kobolds
  6 quokkas
  3 ball pythons
  A ball python skeleton (D:6)
  6 bats
  4 frilled lizards
  A jackal skeleton (D:4)
  A jackal zombie (D:5)
  10 rats
  A butterfly (D:6)
211 creatures vanquished.

Vanquished Creatures (others)
  2 fungi (Lair:3)
2 creatures vanquished.

Grand Total: 213 creatures vanquished

Notes
Turn   | Place    | Note
-------+----------+-------------------------------------------
     0 | D:1      | teukkam the Minotaur Fighter began the quest for the Orb.
     0 | D:1      | Reached XP level 1. HP: 19/19 MP: 0/0
    11 | D:1      | Reached XP level 2. HP: 23/27 MP: 1/1
   429 | D:1      | Reached skill level 4 in Fighting
   510 | D:1      | Reached XP level 3. HP: 33/33 MP: 2/2
   598 | D:2      | Reached skill level 1 in Polearms
   787 | D:3      | Noticed Terence
   924 | D:2      | Reached XP level 4. HP: 40/40 MP: 3/3
  1319 | D:3      | Killed Terence
  1328 | D:3      | Reached skill level 1 in Slings
  1345 | D:3      | Found a transporter.
  1355 | D:3      | Noticed Oddysee's ghost (amateur GrFi)
  1361 | D:3      | Found an opulent altar of Gozag.
  1363 | D:3      | Found a transporter.
  1365 | D:3      | Found Gozag's Platinum Reserve.
  1503 | D:3      | Found a basalt altar of Yredelemnul.
  1712 | D:4      | Noticed an ogre
  1719 | D:4      | Killed an ogre
  1719 | D:4      | Reached skill level 5 in Fighting
  1719 | D:4      | Reached XP level 5. HP: 23/48 MP: 4/4
  1944 | D:4      | Noticed a phantom
  1959 | D:4      | Reached XP level 6. HP: 46/56 MP: 5/5
  2156 | D:5      | Entered Level 5 of the Dungeon
  2165 | D:5      | Reached skill level 6 in Fighting
  2174 | D:5      | Reached XP level 7. HP: 45/63 MP: 6/6
  2238 | D:6      | Found a staircase to the Ecumenical Temple.
  2246 | Temple   | Entered the Ecumenical Temple
  2347 | D:6      | Found an ornate altar of the Wu Jian Council.
  2375 | D:6      | Found a sacrificial altar of Ru.
  2431 | D:6      | Found a snail-covered altar of Cheibriados.
  2505 | D:6      | Found a basalt altar of Yredelemnul.
  2616 | D:6      | Became a worshipper of the Wu Jian Council
  3377 | D:3      | Reached skill level 5 in Polearms
  3534 | D:3      | Reached * piety under Wu Jian
  4017 | D:4      | Got a dazzling flail
  4018 | D:4      | Identified the +8 flail of Cowardice {drain, +Inv rElec rF+
                  | Int+4} (You found it on level 4 of the Dungeon)
  4089 | D:4      | Found a burning altar of Makhleb.
  4096 | D:4      | Reached skill level 1 in Maces & Flails
  4223 | D:4      | Reached skill level 7 in Fighting
  4223 | D:4      | Reached skill level 1 in Evocations
  4255 | D:5      | Reached XP level 8. HP: 73/73 MP: 6/8
  4259 | D:5      | Noticed Ijyb
  4269 | D:5      | Killed Ijyb
  4277 | D:5      | Found a shattered altar of Ashenzari.
  4536 | D:5      | Noticed Grinder
  4536 | D:5      | Paralysed by Grinder for 7 turns
  4545 | D:5      | Killed Grinder
  4545 | D:5      | Reached skill level 5 in Slings
  4575 | D:5      | Got a slimy hand axe
  4576 | D:5      | Identified the cursed +1 hand axe of Causality {protect,
                  | Str+3 Int+2} (You found it on level 5 of the Dungeon)
  5237 | D:7      | Found a large runed door.
  5238 | D:7      | Found Umodd's Gadget Emporium.
  5241 | D:7      | Found a large runed door.
  5249 | D:7      | Found a large runed door.
  5249 | D:7      | Found a large runed door.
  5263 | D:7      | Got a twisted rapier
  5266 | D:7      | Identified the +12 rapier of the Sky {flame, rElec MR+}
                  | (You found it on level 7 of the Dungeon)
  5307 | D:7      | Found Zyesiymu's Assorted Antiques.
  5331 | D:7      | Reached skill level 8 in Fighting
  5333 | D:7      | Reached XP level 9. HP: 26/81 MP: 8/10
  5809 | D:7      | Reached ** piety under Wu Jian
  5839 | D:7      | Found Neodo's Armour Shoppe.
  5856 | D:7      | Found Fuugih's Distillery.
  5910 | D:7      | Found Ukonteh's Magic Scroll Emporium.
  5991 | D:7      | Reached skill level 1 in Stealth
  6100 | D:3      | Killed Oddysee's ghost
  6260 | D:7      | Paralysed by a hornet for 1 turns
  6263 | D:7      | Reached skill level 5 in Maces & Flails
  6624 | D:8      | Noticed a death yak
  6624 | D:8      | Noticed a death yak
  6646 | D:8      | Killed a death yak
  6646 | D:8      | Reached skill level 9 in Fighting
  7008 | D:8      | Reached XP level 10. HP: 85/91 MP: 12/12
  7096 | D:8      | Noticed a death yak
  7104 | D:8      | Killed a death yak
  7110 | D:8      | Killed a death yak
  7110 | D:8      | Reached skill level 5 in Evocations
  7506 | D:8      | Found a staircase to the Lair.
  7524 | Lair:1   | Entered Level 1 of the Lair of Beasts
  7759 | Lair:1   | Noticed a spiny frog
  7767 | Lair:1   | Killed a spiny frog
  7967 | Lair:1   | Noticed a spiny frog
  7974 | Lair:1   | Killed a spiny frog
  7974 | Lair:1   | Reached skill level 10 in Fighting
  8472 | Lair:1   | Got a heavily runed leather armour
  8485 | Lair:1   | Identified the +3 leather armour of the Game Afoot {rC+
                  | Int+4} (You found it on level 1 of the Lair of Beasts)
  8585 | D:7      | Bought the cursed +0 scale mail of the Comet {-Cast rPois
                  | Int+9 Stlth+} for 349 gold pieces
  9189 | Lair:2   | Noticed a seven-headed hydra
  9190 | Lair:2   | Noticed lapinsky's ghost (journeyman HOFi)
  9190 | Lair:2   | Noticed a death yak
  9192 | Lair:2   | Noticed a catoblepas
  9195 | Lair:2   | Found a runed gate.
  9196 | Lair:2   | Found a runed gate.
  9197 | Lair:2   | Found a runed gate.
  9242 | Lair:2   | Reached skill level 1 in Short Blades
  9242 | Lair:2   | Reached XP level 11. HP: 74/101 MP: 14/14
  9446 | Lair:3   | Found a hole to the Spider Nest.
  9465 | Lair:3   | HP: 4/101 [poisoned by a redback]
  9466 | Lair:3   | HP: 1/101 [poisoned by a redback]
  9466 | Lair:3   | Demolished by a jumping spider

Skill      XL: |  1  2  3  4  5  6  7  8  9 10 11 |
---------------+----------------------------------+-----
Armour         | 4 |  4.3
Shields        | 4 |  4.3
Fighting       | 4 5 6 7 8 9 10 | 10.4
Polearms       | 1 3 4 5 6 |  6.9
Slings         | 2 3 4 5 7 8 |  8.6
Maces & Flails | 1 4 6 7 |  7.6
Evocations     | 1 3 4 5 6 |  6.0
Stealth        | 3 4 |  4.9
Short Blades   | 1 |  1.5
Axes           | |  2.7

Action                   |  1- 3 |  4- 6 |  7- 9 | 10-12 || total
-------------------------+-------+-------+-------+-------++-------
Melee: War axe           |     4 |       |       |       ||     4
       Headbutt          |    13 |    18 |    42 |    13 ||    86
       Spear             |    75 |   123 |    93 |       ||   291
       Flail             |       |       |   140 |    59 ||   199
       Hand axe          |       |       |    22 |       ||    22
       Rapier            |       |       |     5 |    11 ||    16
       Hunting sling     |       |       |       |     1 ||     1
 Fire: Hunting sling     |       |     9 |    27 |    24 ||    60
Throw: Stone             |       |       |       |     1 ||     1
Invok: Lunge             |       |       |    17 |     7 ||    24
       Whirlwind         |       |       |    17 |    24 ||    41
       Wall Jump         |       |       |    14 |     9 ||    23
 Abil: Evoke Invisibilit |       |       |     9 |     3 ||    12
Evoke: Wand              |       |       |       |     4 ||     4
  Use: Scroll            |       |       |    15 |     1 ||    16
       Potion            |       |       |       |     2 ||     2
 Stab: Invisible         |       |       |     9 |     1 ||    10
  Eat: Chunk             |       |     4 |    12 |     3 ||    19
       Ration            |       |       |     4 |     2 ||     6
Armor: Scale mail        |    24 |    38 |    76 |    14 ||   152
Dodge: Dodged            |    15 |    25 |    72 |    16 ||   128
Block: Shield            |    25 |    44 |   119 |    31 ||   219
